[Event "Team 45 45 League T38"]
[Site "Internet Chess Club"]
[Date "2008.08.19"]
[Round "4"]
[White "MRX"]
[Black "TerryMalloy"]
[Result "1-0"]
[WhiteElo "1974"]
[BlackElo "1958"]
[Opening "Grünfeld: 5.e3"]
[ECO "D94"]
[Time "17:59:50"]
[TimeControl "2700+45"]

1. d4 Nf6 2. Nf3 d5 3. e3 g6 4. c4 Bg7 5. Nc3 c6 6. Bd3 O-O 7. O-O Nbd7 8. b3
Re8 9. Bb2 a6 10. Rc1 b5 11. cxd5 cxd5 12. Qc2 Bb7 13. a3 Rc8 14. Qb1 Qb6 15.
Qa1 e6 16. Nd2 e5 17. dxe5 Nxe5 18. Be2 Ned7 19. Bf3 Ne5 20. Be2 Ned7 21. Nf3
Nc5 22. Qa2 Nce4 23. Nxe4 dxe4 24. Nd4 Rxc1 25. Rxc1 Rc8 26. Rxc8+ Bxc8 27. Qa1
Ne8 28. Qc1 Qc7 29. Qxc7 Nxc7 30. Kf1 Ne6 31. a4 Nxd4 32. Bxd4 Bxd4 33. exd4 Bd7
34. Ke1 bxa4 35. bxa4 a5 36. Bb5 Be6 37. Kd2 Kf8 38. Ke3 f5 39. Kf4 Ke7 40. Ke5
Bd7 41. Bxd7 Kxd7 42. h4 h5 43. d5 Ke7 44. d6+ Kd7 45. g3 {Black resigns} 1-0

[Event "Team 45 45 League T38"]
[Site "Internet Chess Club"]
[Date "2008.08.17"]
[Round "4"]
[White "bobhill"]
[Black "BenBoiss"]
[Result "1-0"]
[WhiteElo "2089"]
[BlackElo "1671"]
[Opening "Torre attack (Tartakower variation)"]
[ECO "D03"]
[Time "19:00:45"]
[TimeControl "2700+45"]

1. d4 Nf6 2. Nf3 d5 3. Bg5 Ne4 4. Bf4 Bg4 5. e3 Nd7 6. c4 e6 7. Qb3 Ndf6 8. Ne5
Bf5 9. Qxb7 Rb8 10. Qc6+ Nd7 11. c5 Ke7 12. Bb5 Qc8 13. Nxd7 Rxb5 14. Qxb5 Qxd7
15. Qxd7+ Kxd7 16. f3 Nf6 17. Kd2 Be7 18. Nc3 Rb8 19. b3 Nh5 20. Bxc7 Kxc7 21.
g4 Bg6 22. gxh5 Bxh5 23. Rhf1 Bf6 24. Ne2 Rb4 25. Kc3 Rb5 26. b4 a5 27. a3 Bg5
28. Ng3 Bg6 29. e4 Bf4 30. exd5 Bxg3 31. hxg3 exd5 32. Rae1 Kd8 33. Re5 {Black
resigns} 1-0

[Event "Team 45 45 League T38"]
[Site "Internet Chess Club"]
[Date "2008.08.19"]
[Round "4"]
[White "b-spot"]
[Black "Grenadier"]
[Result "0-1"]
[WhiteElo "1730"]
[BlackElo "1682"]
[Opening "QGD Slav: Soultanbéieff variation"]
[ECO "D16"]
[Time "20:00:28"]
[TimeControl "2700+45"]

1. d4 d5 2. c4 c6 3. Nf3 Nf6 4. Nc3 dxc4 5. a4 e6 6. e3 Bb4 7. Bxc4 O-O 8. O-O
b6 9. Qc2 Bb7 10. Bd3 Nbd7 11. Bd2 c5 12. Ng5 h6 13. Nge4 Rc8 14. Nd6 Rc7 15.
Nxb7 Rxb7 16. Ba6 Rb8 17. Nb5 Bxd2 18. Qxd2 cxd4 19. exd4 Nc5 20. Nc7 Nb3 21.
Qc3 Nxa1 22. Rxa1 Nd5 23. Nxd5 Qxd5 24. b4 Rfd8 25. Rc1 Qxd4 26. Qc7 Qxb4 27. g3
Qxa4 28. Bf1 Qd7 29. Qf4 Rbc8 {White resigns} 0-1

[Event "Team 45 45 League T38"]
[Site "Internet Chess Club"]
[Date "2008.08.18"]
[Round "4"]
[White "GoIrish"]
[Black "jazzyrick"]
[Result "1-0"]
[WhiteElo "1615"]
[BlackElo "1500"]
[Opening "Réti opening"]
[ECO "A04"]
[Time "21:04:55"]
[TimeControl "2700+45"]

1. Nf3 c5 2. g3 g6 3. Bg2 Bg7 4. O-O d6 5. d3 Nc6 6. e4 Bg4 7. h3 Bd7 8. Nc3 e6
9. Bf4 e5 10. Be3 Nd4 11. Nd5 Bc6 12. c3 Bxd5 13. exd5 Nf5 14. Bd2 b5 15. a4 a6
16. axb5 axb5 17. Qb3 Nfe7 18. Qxb5+ Kf8 19. c4 Rb8 20. Qa5 Qc8 21. Qa6 Qc7 22.
Qa7 Rb7 23. Qa5 Qd7 24. Ra2 Nc8 25. Qa4 Qd8 26. Ba5 Nb6 27. Qc6 Qb8 28. Bxb6
Rxb6 29. Ra8 {Black resigns} 1-0

[Event "Team 45 45 League T38"]
[Site "Internet Chess Club"]
[Date "2008.08.16"]
[Round "4"]
[White "werty"]
[Black "Mantra"]
[Result "0-1"]
[WhiteElo "1505"]
[BlackElo "1550"]
[Opening "King's Indian: London system"]
[ECO "A48"]
[Time "14:00:49"]
[TimeControl "2700+45"]

1. d4 Nf6 2. Nf3 g6 3. Bf4 Bg7 4. e3 O-O 5. h3 d6 6. Bd3 Nbd7 7. c3 e5 8. dxe5
dxe5 9. Nxe5 Nc5 10. Be2 Qe7 11. Nf3 Rd8 12. Qc2 Bf5 13. Qc1 Nd3+ 14. Bxd3 Bxd3
15. Nd4 Nh5 16. Bh2 Rd7 17. Ne2 Rad8 18. Nd2 Bxe2 19. Kxe2 Rxd2+ 20. Qxd2 Rxd2+
21. Kxd2 Nf6 22. Ke2 Qe4 23. Bxc7 Qc4+ {White resigns} 0-1

[Event "Team 45 45 League T38"]
[Site "Internet Chess Club"]
[Date "2008.08.16"]
[Round "4"]
[White "fredd"]
[Black "rivits"]
[Result "1-0"]
[WhiteElo "1505"]
[BlackElo "1585"]
[Opening "Queen's gambit declined"]
[ECO "D30"]
[Time "20:00:33"]
[TimeControl "2700+45"]

1. d4 d5 2. c4 e6 3. cxd5 exd5 4. Nc3 c6 5. Nf3 h6 6. e4 Bb4 7. e5 Be6 8. Be3
Ne7 9. a3 Ba5 10. b4 Bb6 11. Na4 Nd7 12. Nc5 Bg4 13. Nxb7 Qc7 14. Nd6+ Kf8 15.
h3 Bh5 16. g4 Bg6 17. Nh4 Bh7 18. Qf3 f6 19. Nhf5 Nxf5 20. gxf5 Qd8 21. Qh5 Qe7
22. e6 Bc7 23. Nf7 Bg8 24. Nxh8 Nb6 25. Ng6+ {Black resigns} 1-0

[Event "Team 45 45 League T38"]
[Site "Internet Chess Club"]
[Date "2008.08.15"]
[Round "4"]
[White "ChessForce"]
[Black "rubo"]
[Result "0-1"]
[WhiteElo "1516"]
[BlackElo "1725"]
[Opening "Caro-Kann: classical variation"]
[ECO "B18"]
[Time "10:00:21"]
[TimeControl "2700+45"]

1. e4 c6 2. d4 d5 3. Nc3 dxe4 4. Nxe4 Bf5 5. Ng3 Bg6 6. Nf3 Nd7 7. Bd3 Bxd3 8.
Qxd3 Qc7 9. Be3 Ngf6 10. O-O e6 11. c3 Bd6 12. Ne4 Nxe4 13. Qxe4 Nf6 14. Qd3 h6
15. Rfe1 O-O 16. Qd2 Ng4 17. h3 Nxe3 18. Rxe3 Bf4 19. Qd3 Bxe3 20. Qxe3 a6 21.
Qe5 Qxe5 22. Nxe5 Rfd8 23. a4 Rd5 24. b3 a5 25. Nc4 Ra6 26. Ne3 Rd8 27. Nc4 f6
28. Re1 Kf7 29. Kh2 b5 30. Nb2 b4 31. cxb4 axb4 32. Re4 f5 33. Rf4 g5 34. Rf3
Rxd4 35. Nc4 Kf6 36. Ne3 Ke5 37. Kg3 f4+ 38. Kh2 fxe3 39. Rxe3+ Re4 40. Rf3 c5
41. Kg3 h5 42. Kh2 Rf4 43. Re3+ Kd4 44. Kg1 g4 45. hxg4 hxg4 46. Rg3 e5 47. Kf1
Raf6 48. Kg1 Rxf2 49. Rxg4+ R6f4 50. Rg3 Rf1+ 51. Kh2 Rh4+ 52. Rh3 Rxh3+ 53.
Kxh3 e4 54. g4 e3 55. g5 e2 56. g6 e1=Q 57. g7 Rg1 58. a5 Qg3# {White
checkmated} 0-1

[Event "Team 45 45 League T38"]
[Site "Internet Chess Club"]
[Date "2008.08.15"]
[Round "4"]
[White "Jozin"]
[Black "imawesome"]
[Result "0-1"]
[WhiteElo "1635"]
[BlackElo "1517"]
[Opening "English: symmetrical variation"]
[ECO "A30"]
[Time "13:59:04"]
[TimeControl "2700+45"]

1. c4 c5 2. g3 g6 3. Bg2 Bg7 4. e3 Nc6 5. Ne2 e5 6. O-O Nge7 7. Nbc3 O-O 8. b3
d6 9. Bb2 Be6 10. Rb1 Qd7 11. Nd5 Bxd5 12. Bxd5 Nxd5 13. cxd5 Ne7 14. e4 f5 15.
f3 fxe4 16. fxe4 Rxf1+ 17. Qxf1 Rf8 18. Qg2 Bh6 19. Nc3 a6 20. d3 Be3+ 21. Kh1
Rf2 22. Qg1 Qg4 23. Qd1 Qh3 24. Qg1 Rxb2 25. Rxb2 Bxg1 26. Kxg1 h5 27. Rf2 Kg7
28. Nd1 h4 29. Rf3 Qg4 30. Kg2 hxg3 31. hxg3 g5 32. Ne3 Qh5 33. g4 Qe8 34. Nc4
Qd7 35. Ne3 b5 36. Kg3 a5 37. Nf1 a4 38. bxa4 bxa4 39. a3 Qb7 40. Nd2 Nxd5 41.
exd5 Qxd5 42. Nc4 e4 43. Ne3 Qe5+ {White resigns} 0-1

[Event "Team 45 45 League T38"]
[Site "Internet Chess Club"]
[Date "2008.08.17"]
[Round "4"]
[White "quaksterjohny"]
[Black "GamePlayer"]
[Result "1-0"]
[WhiteElo "1494"]
[BlackElo "1635"]
[Opening "Sicilian: Alapin's variation (2.c3)"]
[ECO "B22"]
[Time "16:03:19"]
[TimeControl "2700+45"]

1. e4 c5 2. c3 d5 3. exd5 Qxd5 4. d4 cxd4 5. cxd4 e6 6. Nc3 Bb4 7. Ne2 Nf6 8.
Bd2 Bxc3 9. Bxc3 Ne4 10. Nf4 Nxc3 11. Nxd5 Nxd1 12. Nc7+ Kd7 13. Nxa8 Nxb2 14.
Rb1 Nd1 15. Rxd1 b6 16. Rc1 Nc6 17. Bb5 Bb7 18. Bxc6+ Bxc6 19. Nxb6+ axb6 20.
O-O Ra8 21. Rb1 Rxa2 22. Rxb6 Kc7 23. Rb4 Ra5 24. Rc1 Ra6 25. Rbc4 Kd6 26. f3
Kd5 27. Kf2 Ra2+ 28. Ke3 Ra6 29. Rc5+ Kd6 30. g4 Ra3+ 31. R1c3 Ra6 32. h4 h6 33.
f4 Bd7 34. Ke4 Bc6+ 35. Ke3 Bd7 36. g5 hxg5 37. fxg5 Ra1 38. Rc1 Ra3+ 39. R5c3
Ra2 40. Rb1 Rh2 41. Rb6+ Ke7 42. Rc7 Rh3+ 43. Ke4 Rxh4+ 44. Kd3 Rg4 45. Rbb7
Rg3+ 46. Kc4 Rxg5 47. Rxd7+ Kf6 48. Rxf7+ Kg6 49. Rxg7+ Kf5 50. Rxg5+ Kxg5 51.
Rf7 Kg6 52. Rf1 Kg5 53. Kc5 Kg6 54. Kd6 e5 55. dxe5 Kg5 56. e6 Kg4 57. e7 Kg3
58. e8=Q Kg2 59. Rf7 Kg3 60. Qg8+ Kh4 61. Rh7# {Black checkmated} 1-0

[Event "Team 45 45 League T38"]
[Site "Internet Chess Club"]
[Date "2008.08.17"]
[Round "4"]
[White "betto2506"]
[Black "Nikhil03"]
[Result "0-1"]
[WhiteElo "1374"]
[BlackElo "1385"]
[Opening "Ruy Lopez: old Steinitz defense"]
[ECO "C62"]
[Time "11:00:04"]
[TimeControl "2700+45"]

1. e4 e5 2. Nf3 Nc6 3. Bb5 d6 4. d3 Bd7 5. Bg5 Be7 6. Bxe7 Ngxe7 7. c3 a6 8. Ba4
b5 9. Bb3 Na5 10. Nbd2 c5 11. Ng5 O-O 12. Qh5 h6 13. Bxf7+ Kh8 14. Ne6 Bxe6 15.
Bxe6 Qe8 16. Qxe8 Raxe8 17. c4 Nec6 18. Bd5 Nd4 19. Rc1 Rf6 20. cxb5 axb5 21. f3
Nac6 22. Nb3 Nxb3 23. Bxb3 Nd4 24. Bd5 Re7 25. Kf2 Ra7 26. Rhd1 c4 27. dxc4 Rxa2
28. cxb5 Rxb2+ 29. Kg1 Ne2+ 30. Kf1 Nxc1 31. Rxc1 Rxb5 32. Rc8+ Kh7 33. Bg8+ Kg6
34. Kf2 Rb2+ 35. Kg3 h5 36. h4 Kh6 37. Bd5 Rg6+ 38. Kh3 Rgxg2 39. Rh8+ Kg6 40.
Bf7+ Kxf7 41. Rxh5 Rh2+ 42. Kg4 Rbg2+ {White resigns} 0-1

[Event "Team 45 45 League T38"]
[Site "Internet Chess Club"]
[Date "2008.08.17"]
[Round "4"]
[White "BrerRabbit"]
[Black "C-Jones"]
[Result "1/2-1/2"]
[WhiteElo "1580"]
[BlackElo "1647"]
[Opening "QGD semi-Slav: Chigorin defense"]
[ECO "D46"]
[Time "20:01:46"]
[TimeControl "2700+45"]

1. d4 d5 2. c4 c6 3. Nf3 Nf6 4. e3 Nbd7 5. Nc3 e6 6. Bd3 Bd6 7. O-O O-O 8. Qc2
h6 9. b3 e5 10. cxd5 cxd5 11. dxe5 Nxe5 12. Be2 Bg4 13. Nd4 Bxe2 14. Ncxe2 Rc8
15. Qf5 Qd7 16. Qxd7 Nexd7 17. Bb2 a6 18. Rac1 g6 19. Rfd1 Be5 20. Ba3 Rfe8 21.
Nf3 Bb8 22. Bb2 b5 23. Kf1 b4 24. Nf4 Bxf4 25. exf4 Rxc1 26. Rxc1 Re6 27. Nd4
Rd6 28. f3 Rb6 29. Rc6 Nh5 30. g3 Ng7 31. Rxb6 Nxb6 32. Nc6 Nf5 33. Nxb4 a5 34.
Nc6 a4 35. b4 Nc4 36. Bd4 Nfd6 37. Ke2 Kf8 38. Kd3 h5 39. Bf6 Nb5 40. g4 Ke8 41.
Nd4 Nbd6 42. Nc6 Nb5 43. h4 Kd7 44. Ne5+ Ke6 45. Bg7 Nxe5+ 46. Bxe5 f6 47. Bd4
f5 48. Be5 Kf7 49. gxh5 gxh5 50. Bd4 {Game drawn by mutual agreement} 1/2-1/2

[Event "Team 45 45 League T38"]
[Site "Internet Chess Club"]
[Date "2008.08.17"]
[Round "4"]
[White "chesskix"]
[Black "crag"]
[Result "1-0"]
[WhiteElo "1589"]
[BlackElo "1596"]
[Opening "Réti accepted"]
[ECO "A09"]
[Time "20:02:11"]
[TimeControl "2700+45"]

1. Nf3 d5 2. c4 dxc4 3. Nc3 Nf6 4. Qa4+ Qd7 5. Qxc4 e6 6. g3 Be7 7. Bg2 O-O 8.
O-O Nc6 9. a3 Na5 10. Qa2 Nc6 11. d3 Rd8 12. h3 Qe8 13. Be3 b6 14. Nb5 Qd7 15.
b4 Nxb4 16. axb4 Qxb5 17. Nd4 Qxb4 18. Bxa8 a6 19. Nc6 Qd6 20. Nxd8 Qxd8 21. Bg2
{Black resigns} 1-0

[Event "Team 45 45 League T38"]
[Site "Internet Chess Club"]
[Date "2008.08.13"]
[Round "4"]
[White "PostMike"]
[Black "t-hobbes"]
[Result "0-1"]
[WhiteElo "1582"]
[BlackElo "1351"]
[Opening "two knights defense: Ulvestad variation"]
[ECO "C57"]
[Time "15:00:06"]
[TimeControl "2700+45"]

1. e4 e5 2. Nf3 Nc6 3. Bc4 Nf6 4. Ng5 d5 5. exd5 b5 6. Bf1 Qxd5 7. Nc3 Qc5 8.
Bxb5 Be7 9. O-O O-O 10. h3 Bf5 11. d3 Nd4 12. Be3 Nd5 13. Nxd5 Qxd5 14. Bc4 Qc6
15. c3 Nb5 16. Qe2 Nd6 17. Bb3 e4 18. Nxe4 Nxe4 19. dxe4 Bxe4 20. f3 Bf5 21.
Rad1 Rfe8 22. Qf2 Qg6 23. Kh1 a5 24. Ba4 Reb8 25. b3 Bd6 26. Qe2 Bg3 27. Bf2 Bf4
28. Bg1 Qh6 29. Bh2 Rb6 30. Bxf4 Qxf4 31. Rd4 Qh6 32. Qd2 Qf6 33. Rd1 Rbb8 34.
Qf4 g6 35. c4 c5 36. Qd6 Qg5 37. Qxc5 Qg3 38. Qd6 Qf2 39. R4d2 Qh4 40. Qf4 Qxf4
{White resigns} 0-1

[Event "Team 45 45 League T38"]
[Site "Internet Chess Club"]
[Date "2008.08.17"]
[Round "4"]
[White "lw"]
[Black "RealChosenOne"]
[Result "1-0"]
[WhiteElo "1582"]
[BlackElo "1701"]
[Opening "Sicilian defense"]
[ECO "B32"]
[Time "14:00:48"]
[TimeControl "2700+45"]

1. e4 c5 2. Nf3 Nc6 3. d4 cxd4 4. c3 dxc3 5. Nxc3 e6 6. Bf4 a6 7. Bc4 b5 8. Bb3
Nge7 9. O-O Ng6 10. Bg3 Be7 11. Re1 O-O 12. e5 Qc7 13. Ne4 Rd8 14. Nd6 Bxd6 15.
exd6 Qb6 16. Ng5 h6 17. Nf3 Bb7 18. Bc2 Nb4 19. Bxg6 fxg6 20. Ne5 g5 21. Qh5 Bc6
22. Qf7+ Kh7 23. Qg6+ Kg8 24. Nf7 Rf8 25. Nxh6+ Kh8 26. Nf7+ Rxf7 27. Qxf7 Nc2
28. Be5 {Black resigns} 1-0

[Event "Team 45 45 League T38"]
[Site "Internet Chess Club"]
[Date "2008.08.15"]
[Round "4"]
[White "SATELLITE-DAN"]
[Black "AngryPirate"]
[Result "0-1"]
[WhiteElo "1538"]
[BlackElo "1534"]
[Opening "French: exchange variation"]
[ECO "C01"]
[Time "22:02:11"]
[TimeControl "2700+45"]

1. e4 e6 2. d4 d5 3. exd5 exd5 4. Nf3 Nf6 5. Bb5+ c6 6. Bd3 Bd6 7. Nc3 O-O 8.
Ne2 Bg4 9. Be3 Bxf3 10. gxf3 Qc7 11. h4 Nbd7 12. Qd2 a5 13. O-O-O a4 14. Rdg1
Kh8 15. h5 a3 16. b3 Qa5 17. c3 c5 18. dxc5 Bxc5 19. b4 Bxe3 20. fxe3 Qb6 21.
Rh4 Ne5 22. Nd4 Rac8 23. Bc2 Rc4 24. Qg2 Rg8 25. Kd2 Qc7 26. Nb5 Qc6 27. Nd4 Qc7
28. h6 g6 29. Qg5 Rxd4+ 30. Ke2 Rd2+ 31. Kf1 Qe7 32. Rf4 Re8 33. Rg2 Rxg2 34.
Kxg2 Nh5 {White resigns} 0-1

[Event "Team 45 45 League T38"]
[Site "Internet Chess Club"]
[Date "2008.08.16"]
[Round "4"]
[White "Timotheous"]
[Black "ADIOKiddo4Ever"]
[Result "0-1"]
[WhiteElo "1691"]
[BlackElo "1693"]
[Opening "English opening"]
[ECO "A05"]
[Time "14:01:43"]
[TimeControl "2700+45"]

1. Nf3 Nf6 2. c4 g6 3. b4 a5 4. Qa4 Bg7 5. Bb2 O-O 6. g3 d5 7. d3 dxc4 8. dxc4
Qd6 9. b5 Nbd7 10. Bg2 Nb6 11. Qa3 Nxc4 12. Qxd6 cxd6 13. Bc3 Bd7 14. a4 Rac8
15. O-O Ne4 16. Bxg7 Kxg7 17. Rd1 Nb2 18. Re1 Nc5 19. Nc3 Nb3 20. Rab1 Rxc3 21.
Rxb2 Rfc8 22. Rd1 Nc5 23. Ra2 Be6 24. Raa1 Bb3 25. Rdc1 Rxc1+ 26. Rxc1 Bxa4 27.
Nd2 Bxb5 28. Bxb7 Rc7 29. Bf3 a4 30. Nb1 Ne6 31. Rxc7 Nxc7 32. Na3 Bd7 33. Bd5
Nxd5 {White resigns} 0-1

[Event "Team 45 45 League T38"]
[Site "Internet Chess Club"]
[Date "2008.08.19"]
[Round "4"]
[White "ChessChamp"]
[Black "OGO"]
[Result "1-0"]
[WhiteElo "1668"]
[BlackElo "1626"]
[Opening "Three knights game"]
[ECO "C46"]
[Time "17:03:10"]
[TimeControl "2700+45"]

1. e4 e5 2. Nf3 Nc6 3. Nc3 d6 4. d4 exd4 5. Nxd4 Nxd4 6. Qxd4 Nf6 7. Bf4 Be7 8.
Be2 O-O 9. O-O-O Bd7 10. e5 dxe5 11. Bxe5 Bc6 12. Qf4 Qc8 13. Rd3 Qe6 14. Bxc7
Ne4 15. Nxe4 Bxe4 16. Re3 Qxa2 17. Qxe4 Qa1+ 18. Kd2 Qxh1 19. Bd3 g6 20. Re1
Bg5+ 21. Kd1 Rae8 22. Rxh1 Rxe4 23. Bxe4 b6 24. f4 Bf6 25. Kc1 Rc8 26. Bd6 Rc4
27. Re1 Ra4 28. Be5 Kg7 29. Bxf6+ Kxf6 30. Kd2 Rd4+ 31. Kc3 Rd7 32. g3 Rd6 33.
Bf3 h6 34. Re8 Rd7 35. Rb8 Rc7+ 36. Kb3 Ke6 37. Rb7 {Black resigns} 1-0

[Event "Team 45 45 League T38"]
[Site "Internet Chess Club"]
[Date "2008.08.17"]
[Round "4"]
[White "noblitz-oblige"]
[Black "gtm"]
[Result "0-1"]
[WhiteElo "1569"]
[BlackElo "1729"]
[Opening "Scandinavian defense"]
[ECO "B01"]
[Time "09:46:01"]
[TimeControl "2700+45"]

1. e4 d5 2. exd5 Nf6 3. Bb5+ Bd7 4. Bc4 Bg4 5. f3 Bf5 6. Nc3 Nbd7 7. d4 Nb6 8.
Bb5+ Bd7 9. Bd3 Nbxd5 10. Nge2 e6 11. a3 Be7 12. Nxd5 Nxd5 13. c4 Nb6 14. Qc2
Bc6 15. c5 Nd5 16. Bxh7 Bh4+ 17. g3 Bf6 18. Be4 Ne7 19. Be3 Nd5 20. Bf2 a6 21.
O-O-O Qd7 22. Nc3 b6 23. Nxd5 Bxd5 24. c6 Qd6 25. h4 a5 26. g4 a4 27. g5 Bb3 28.
Qc3 Bxd1 29. gxf6 Bb3 30. fxg7 Rg8 31. Rg1 Qf4+ 32. Qe3 Qd6 33. h5 O-O-O 34. Bg3
Qe7 35. h6 f6 36. Bh4 Qf7 37. Bh7 e5 38. Bxg8 Qxg8 39. Bxf6 Rxd4 40. h7 Rc4+ 41.
Kd2 Qd5+ 42. Qd3 Rc2+ 43. Ke3 Qc5+ 44. Ke4 Rc4+ 45. Kf5 Rf4+ 46. Kg6 Qxg1+ 47.
Bg5 Bf7+ {White resigns} 0-1

[Event "Team 45 45 League T38"]
[Site "Internet Chess Club"]
[Date "2008.08.13"]
[Round "4"]
[White "celebrat"]
[Black "Jester"]
[Result "1-0"]
[WhiteElo "1646"]
[BlackElo "1458"]
[Opening "Sicilian: Smith-Morra gambit"]
[ECO "B21"]
[Time "09:00:16"]
[TimeControl "2700+45"]

1. e4 c5 2. d4 cxd4 3. c3 d3 4. Bxd3 e5 5. Nf3 Nc6 6. O-O Be7 7. Nbd2 Nf6 8. Nc4
d6 9. h3 O-O 10. b4 b5 11. Ne3 a6 12. Bb2 h6 13. a3 Be6 14. Rc1 Nh5 15. Nf5 Nf4
16. Nxe7+ Nxe7 17. Bb1 Neg6 18. Kh2 Qd7 19. Ng1 d5 20. f3 Qb7 21. Rf2 Rfd8 22.
Qf1 Rac8 23. Rd1 d4 24. cxd4 Bc4 25. Qe1 exd4 26. Bxd4 Nd3 27. Bxd3 Rxd4 28.
Rfd2 Nf4 29. Bxc4 Rdxc4 30. Qg3 Ng6 31. Rd8+ Rxd8 32. Rxd8+ Kh7 33. Rd3 Qe7 34.
Ne2 f5 35. exf5 Ne5 36. Re3 Nxf3+ 37. Qxf3 Qd6+ 38. Qg3 Qf6 39. Qg6+ Qxg6 40.
fxg6+ Kxg6 41. Re6+ Kf5 42. Rxa6 Ke4 43. Ng3+ Kf4 44. Ra5 Rc3 45. Ne2+ {Black
resigns} 1-0

[Event "Team 45 45 League T38"]
[Site "Internet Chess Club"]
[Date "2008.08.15"]
[Round "4"]
[White "andreip"]
[Black "BadHabitMarco"]
[Result "1-0"]
[WhiteElo "2126"]
[BlackElo "1959"]
[Opening "Sicilian: Najdorf, Byrne (English) attack"]
[ECO "B90"]
[Time "14:42:12"]
[TimeControl "2700+45"]

1. e4 c5 2. Nf3 d6 3. d4 cxd4 4. Nxd4 Nf6 5. Nc3 a6 6. Be3 e6 7. Be2 Nbd7 8. Qd2
Be7 9. f4 Qc7 10. Bf3 Rb8 11. g4 b5 12. g5 Ng8 13. O-O Bb7 14. f5 e5 15. Nb3 b4
16. Nd5 Bxd5 17. Qxd5 Bf8 18. Rad1 Ne7 19. Qd3 Nc6 20. c4 Be7 21. Qd5 Nb6 22.
Bxb6 Qxb6+ 23. c5 dxc5 24. g6 hxg6 25. fxg6 fxg6 26. Bh5 c4+ 27. Kh1 Nd4 28.
Nxd4 exd4 29. Rxd4 Bd6 30. Bxg6+ Kd7 31. Rf7+ {Black resigns} 1-0

[Event "Team 45 45 League T38"]
[Site "Internet Chess Club"]
[Date "2008.08.17"]
[Round "4"]
[White "Paulkov"]
[Black "alin"]
[Result "0-1"]
[WhiteElo "1875"]
[BlackElo "2061"]
[Opening "Ruy Lopez: Schliemann defense"]
[ECO "C63"]
[Time "15:02:28"]
[TimeControl "2700+45"]

1. e4 e5 2. Nf3 Nc6 3. Bb5 f5 4. d3 fxe4 5. dxe4 Nf6 6. O-O Bc5 7. Bxc6 bxc6 8.
Bg5 d6 9. Nc3 O-O 10. Na4 Bb6 11. Nxb6 axb6 12. c4 Qe8 13. Qd3 Qh5 14. h3 h6 15.
Bxf6 Rxf6 16. Nh2 Be6 17. f3 Rg6 18. Ng4 Qh4 19. Nf2 Bxh3 20. Nxh3 Qxh3 21. Rf2
h5 22. Rd1 Rxa2 23. c5 b5 24. Qb3+ Qe6 25. Qxe6+ Rxe6 26. cxd6 cxd6 27. Rfd2 Kf7
28. Rxd6 Rxb2 29. Rd7+ Kf6 30. Rc7 Rc2 31. Rdd7 g6 32. Rb7 Kg5 33. Kh2 Kf4 34.
Rd3 Rc4 35. Rb3 Rd6 36. Kh3 Kg5 37. Rb2 Rd3 38. Rb6 Rd1 39. Kg3 h4+ 40. Kf2 Rc3
41. Rb7 Rh1 42. Rf7 Rcc1 43. Rc7 Rce1 44. g3 Rhf1+ 45. Kg2 Rg1+ 46. Kh2 Rh1+ 47.
Kg2 h3+ 48. Kf2 Rhf1# {White checkmated} 0-1

[Event "Team 45 45 League T38"]
[Site "Internet Chess Club"]
[Date "2008.08.17"]
[Round "4"]
[White "Terte"]
[Black "ddlj81"]
[Result "1-0"]
[WhiteElo "2012"]
[BlackElo "1908"]
[Opening "Four knights: Italian variation"]
[ECO "C55"]
[Time "12:25:22"]
[TimeControl "2700+45"]

1. e4 e5 2. Nf3 Nc6 3. Bc4 Nf6 4. Nc3 Nxe4 5. Nxe4 d5 6. Bd3 dxe4 7. Bxe4 Bd6 8.
O-O O-O 9. d3 h6 10. Re1 Ne7 11. d4 exd4 12. Nxd4 Re8 13. Nb5 Nf5 14. Nxd6 Qxd6
15. Bd3 Bd7 16. Rxe8+ Rxe8 17. Bd2 c5 18. Qh5 g6 19. Qd1 h5 20. Bc3 Nd4 21. Qd2
Ne2+ 22. Bxe2 Qxd2 23. Bxd2 Rxe2 24. Bc3 Rxc2 25. Rd1 Be6 26. Rd8+ {Black
resigns} 1-0

[Event "Team 45 45 League T38"]
[Site "Internet Chess Club"]
[Date "2008.08.17"]
[Round "4"]
[White "Mitch99"]
[Black "viking99"]
[Result "0-1"]
[WhiteElo "1727"]
[BlackElo "1816"]
[Opening "French: advance, Euwe variation"]
[ECO "C02"]
[Time "18:00:42"]
[TimeControl "2700+45"]

1. e4 e6 2. d4 d5 3. e5 c5 4. c3 Nc6 5. Nf3 Bd7 6. Bd3 Qb6 7. O-O cxd4 8. cxd4
Nxd4 9. Nbd2 Bc5 10. b4 Nxf3+ 11. Nxf3 Be7 12. Bg5 h6 13. Bxe7 Nxe7 14. Qe2 a6
15. Rfc1 O-O 16. Rab1 Rac8 17. Rxc8 Rxc8 18. Qd1 Bb5 19. Bxb5 Qxb5 20. a4 Qc4
21. Nd4 Nc6 22. Nxc6 Rxc6 23. b5 axb5 24. Rxb5 Qxa4 25. Qb1 Qxb5 {White resigns}
0-1

[Event "Team 45 45 League T38"]
[Site "Internet Chess Club"]
[Date "2008.08.17"]
[Round "4"]
[White "alan"]
[Black "Chessduke"]
[Result "1/2-1/2"]
[WhiteElo "2115"]
[BlackElo "2120"]
[Opening "English: Caro-Kann defensive system"]
[ECO "A11"]
[Time "13:02:53"]
[TimeControl "2700+45"]

1. c4 c6 2. g3 d5 3. Bg2 Nf6 4. Nf3 Bf5 5. cxd5 cxd5 6. Qb3 Bc8 7. Nc3 e6 8. d4
Nc6 9. Bf4 Bd6 10. Bxd6 Qxd6 11. Nb5 Qe7 12. Ne5 a6 13. Nxc6 bxc6 14. Nc3 O-O
15. O-O a5 16. Na4 Ba6 17. Rfe1 Rab8 18. Qc2 Qb4 19. e3 Nd7 20. Rac1 Rfc8 21. b3
Bb5 22. Nc5 Nxc5 23. Qxc5 Qxc5 24. Rxc5 a4 25. Rec1 axb3 26. axb3 Kf8 27. Bf1
Bxf1 28. Kxf1 Rxb3 29. Rxc6 Rxc6 30. Rxc6 {Game drawn by mutual agreement}
1/2-1/2

[Event "Team 45 45 League T38"]
[Site "Internet Chess Club"]
[Date "2008.08.14"]
[Round "4"]
[White "wonderboy"]
[Black "ET3000"]
[Result "0-1"]
[WhiteElo "1918"]
[BlackElo "2053"]
[Opening "Giuoco Piano"]
[ECO "C54"]
[Time "09:01:21"]
[TimeControl "2700+45"]

1. e4 e5 2. Nf3 Nc6 3. Bc4 Bc5 4. c3 Nf6 5. d3 h6 6. Bb3 d6 7. Nbd2 O-O 8. h3 a5
9. Nf1 Be6 10. Ng3 d5 11. Qe2 d4 12. O-O a4 13. Bc2 Nd7 14. Bd2 b5 15. Kh1 b4
16. c4 Qe7 17. Nh2 a3 18. b3 Rae8 19. f4 exf4 20. Bxf4 Nde5 21. Rf2 Ng6 22. Bd2
Bd6 23. Nf5 Bxf5 24. Rxf5 Nh4 25. Rh5 f5 26. Qf2 Qe5 27. Nf3 Nxf3 28. gxf3 Qe6
29. Rg1 Kh7 30. Qg2 Re7 31. exf5 Rxf5 32. Rxh6+ gxh6 33. f4 Bxf4 34. Bd1 Rg5 35.
Bg4 Rxg4 36. hxg4 Bxd2 37. Qxd2 Qe3 38. Qg2 Qxd3 39. Qxc6 Qh3# {White
checkmated} 0-1

[Event "Team 45 45 League T38"]
[Site "Internet Chess Club"]
[Date "2008.08.16"]
[Round "4"]
[White "Kingmaker"]
[Black "jonesey"]
[Result "0-1"]
[WhiteElo "1815"]
[BlackElo "1955"]
[Opening "King's Indian: London system"]
[ECO "A48"]
[Time "13:01:55"]
[TimeControl "2700+45"]

1. d4 Nf6 2. Nf3 g6 3. Bf4 Bg7 4. e3 d6 5. Bc4 Nbd7 6. Nbd2 c6 7. c3 Qc7 8. h3
e5 9. dxe5 dxe5 10. Bh2 O-O 11. Qc2 Re8 12. Ng5 Re7 13. Ndf3 Nd5 14. g4 b5 15.
Bb3 Nc5 16. Rd1 Bb7 17. Ne4 Ne6 18. Neg5 Nxg5 19. Nxg5 Qb6 20. Ke2 a5 21. a3 e4
22. Bd6 Rd7 23. Nxe4 Re8 24. Bc5 Qc7 25. g5 Qe5 26. f3 a4 27. Bxd5 cxd5 28. Bd4
Qc7 29. Nf6+ Bxf6 30. Bxf6 Qf4 31. Bd4 Rde7 32. Qd3 Qxg5 33. Rdg1 Qh5 34. Qxb5
Rxe3+ 35. Bxe3 Rxe3+ 36. Kf2 Qxf3# {White checkmated} 0-1